AoeStats
← NDF

MegaRandom

504379072Analyzed
1v1 RM · 27d ago on Sep 5, 2026· 47m 43s· 2 players
Game mode
Random Map
Map size
Tiny (2 player)
Population
200
Speed
Normal
Resources
Standard
Victory
Conquest
Starting age
Dark Age
Ending age
Imperial Age
RankedLock teamsTeams togetherTeam positionsShared explorationLock speedFull tech treeHidden civsTurbo modeCheats
Victory
Defeat
🇦🇷 Khmer · Argentina
523
+15
🇦🇷 Mongols · Argentina
502
-15
NDF
2:55 Loom
12:28 Feudal Age
19:16 Castle Age
19:10 Horse Collar
19:24 Double-Bit Axe
22:01 Arson
22:17 Squires
23:14 Gold Mining
24:27 Padded Archer Armor
24:33 Scale Barding Armor
27:04 Fletching
29:00 Heavy Plow
29:20 Forging
29:58 Stone Mining
30:45 Gold Shaft Mining
33:54 Stone Shaft Mining
34:21 Thumb Ring
35:27 Wheelbarrow
39:01 Bloodlines
38:11 Light Cavalry
44:32 Imperial Age
45:01 Pikeman
46:40 Chain Barding Armor
46:20 Scale Mail Armor
46:56 Iron Casting
46:17 Bodkin Arrow
46:38 Leather Archer Armor
46:50 Hand Cart
46:21 Town Watch
Torquemada
1:13 Loom
12:15 Feudal Age
12:54 Town Watch
12:59 Double-Bit Axe
20:18 Castle Age
19:26 Fletching
20:28 Wheelbarrow
20:03 Horse Collar
21:25 Bow Saw
21:41 Heavy Plow
22:16 Stone Mining
22:05 Elite Skirmisher
24:43 Gold Mining
27:30 Pikeman
28:19 Padded Archer Armor
29:23 Bodkin Arrow
30:40 Leather Archer Armor
32:36 Hand Cart
33:45 Ballistics
33:21 Murder Holes
37:37 Imperial Age
36:51 Gold Shaft Mining
36:36 Scale Barding Armor
36:33 Scale Mail Armor
37:09 Forging
39:05 Conscription
39:22 Hoardings
38:55 Tusk Swords
40:05 Bracer
40:37 Town Patrol
43:52 Iron Casting
43:58 Heavy Scorpion
44:49 Double Crossbow
48:33 Bloodlines
Connection lost

Rejoining the realm…

Still unreachable

The connection could not be restored.

Session expired

The server has moved on; the page needs a fresh start.